 Dungeon Crawl Stone Soup version 0.18.1-50-g88ac8fd (webtiles) character file.

57 magog001 the Stinger (level 3, 0/14 HPs)
             Began as a Felid Venom Mage on Feb 23, 2017.
             Slain by a hobgoblin
             ... wielding a +0 club
              (4 damage)
             ... on level 2 of the Dungeon.
             The game lasted 00:09:59 (1671 turns).

magog001 the Stinger (Felid Venom Mage)             Turns: 1671, Time: 00:10:00

Health: 0/14       AC:  1    Str:  5    XL:     3   Next: 73%
Magic:  3/7        EV: 19    Int: 16    God:
Gold:   48         SH:  0    Dex: 16    Spells: 1 memorised, 6 levels left
                                        Lives:  0   Deaths: 0

rFire  . . .     SeeInvis +     (weapon unavailable)
rCold  . . .     Gourm    .     (armour unavailable)
rNeg   . . .     Faith    .     (shield unavailable)
rPois  .         Spirit   .     (helmet unavailable)
rElec  .         Dismiss  .     (cloak unavailable)
rCorr  .         Reflect  .     (gloves unavailable)
SustAt .         Harm     .     (boots unavailable)
MR     .....                    (no amulet)
Stlth  +++.......               (no ring)
                                (no ring)

@: quick, not resistant to hostile enchantments, fairly stealthy
A: no armour, no weapons or thrown items, claws 1, fangs 3, see invisible,
carnivore 3, speed 1, shaggy fur 1, slow metabolism 1, sharp paws
a: no special abilities


You were on level 2 of the Dungeon.
You were completely stuffed.

You visited 1 branch of the dungeon, and saw 2 of its levels.

You collected 48 gold pieces.

Inventory:

Scrolls
 e - 2 scrolls of remove curse {unknown}
 f - a scroll of identify {unknown}
 h - a scroll of enchant armour {unknown}
 i - a scroll of recharging {unknown}
 j - a scroll of immolation {unknown}
Potions
 d - a potion of might {unknown}
 g - a potion of lignification {unknown}
Books
 a - a Young Poisoner's Handbook

   Spells                             Type                      Level
   a - Sting                          Conjuration/Poison           1
   b - Cure Poison                    Poison                       2
   c - Mephitic Cloud                 Conjuration/Poison/Air       3
   d - Olgreb's Toxic Radiance        Poison                       4
   e - Venom Bolt                     Conjuration/Poison           5
Comestibles
 b - 3 meat rations
 c - 3 chunks of flesh


   Skills:
 + Level 0.2 Fighting
 * Level 3.8 Dodging
 * Level 3.1 Stealth
 * Level 2.5 Spellcasting
 + Level 0.3 Conjurations
 + Level 3.9 Poison Magic


You had 6 spell levels left.
You knew the following spells:

 Your Spells              Type           Power        Failure   Level  Hunger
a - Sting                 Conj/Pois      #...         10%         1    #......


Dungeon Overview and Level Annotations

Branches:
Dungeon (2/15)

Altars:


Innate Abilities, Weirdness & Mutations

You cannot wear armour.
You are incapable of wielding weapons or throwing items.
You have sharp claws.
You have razor-sharp teeth.
You have supernaturally acute eyesight.
You are carnivorous and can eat meat at any time.
You cover ground quickly.
You are covered in fur (AC +1).
You have a slow metabolism.
Your sharp claws are effective at attacking unaware monsters.


Message History

The hobgoblin moves out of view.
Found a robe.
The hobgoblin misses you.
Found a scroll labeled OZU XACOAH.
You barely miss the hobgoblin. You closely miss the hobgoblin.
You bite the hobgoblin.
The hobgoblin is moderately wounded.
The hobgoblin drinks a potion.
The hobgoblin suddenly seems more agile.
You closely miss the hobgoblin.
The hobgoblin is moderately wounded.
The hobgoblin misses you.
You scratch the hobgoblin but do no damage.
The hobgoblin is moderately wounded.
The hobgoblin hits you with a club.
* * * LOW HITPOINT WARNING * * *
You closely miss the hobgoblin. Your bite misses the hobgoblin.
The hobgoblin is moderately wounded.
The hobgoblin hits you with a club.
You die...

#..........####### ###..........
#.........(รท#....#####...##.#....
#######...............<.....#....
##.........##.......#.#....
#............#.....#...#..
#...^....#####........##..
#...##.............#... .
#...##....####........#
#...###.#@.............. #####
#...g..........#.. #.....###...
#..#.#.. .. ...##.##.. ..## #. ..[
## ## .... .?#..


You could see a hobgoblin.

Vanquished Creatures
  An adder (D:2)
  2 worms (D:2)
  2 dart slugs (D:1)
  3 bats (D:1)
  A giant cockroach (D:2)
  9 goblins
  4 hobgoblins
  3 jackals (D:1)
  A giant newt (D:1)
  3 kobolds (D:1)
  5 rats
34 creatures vanquished.

Notes
Turn   | Place    | Note
--------------------------------------------------------------
     0 | D:1      | magog001 the Felid Venom Mage began the quest for the Orb.
     0 | D:1      | Reached XP level 1. HP: 7/7 MP: 4/4
   483 | D:1      | Reached XP level 2. HP: 9/11 MP: 3/6
   922 | D:1      | Reached XP level 3. HP: 11/14 MP: 3/7
  1671 | D:2      | Slain by a hobgoblin

Skill      XL: |  1  2 |
---------------+-------+-----
Dodging        | 3 |  3.8
Stealth        | 3 |  3.1
Fighting       | |  0.2
Spellcasting   | |  2.5
Conjurations   | |  0.3
Poison Magic   | |  3.9

Action                   || total
-------------------------++-------
Melee: Unarmed           ||    63
       Bite              ||     7
 Cast: Sting             ||    54
 Stab: Sleeping          ||     8
  Eat: Chunk             ||    10
Armor: Skin              ||     8
Dodge: Dodged            ||    91
